 Dungeon Crawl Stone Soup version 0.20.1-1-g8b1a95d (webtiles) character file.

4260 grizmgrazm2 the Covert (level 10, -1/67 HPs)
             Began as a Vampire Enchanter on Sept 24, 2017.
             Was a Believer of Sif Muna.
             Slain by a centaur warrior skeleton (5 damage)
             ... while paralysed by a chaos spawn
             ... on level 9 of the Dungeon.
             The game lasted 00:32:16 (7930 turns).

grizmgrazm2 the Covert (Vampire Enchanter)          Turns: 7930, Time: 00:32:17

Health: -1/67      AC: 11    Str:  7    XL:     10   Next: 10%
Magic:  11/19      EV:  2    Int: 21    God:    Sif Muna [**....]
Gold:   30         SH:  0    Dex: 15    Spells: 13/22 levels left

rFire    + + .     SeeInvis +   h - +2 dagger (venom)
rCold    + + +     Gourm    .   m - +1 buckler
rNeg     + + +     Faith    .   f - +2 robe {MR+}
rPois    ∞         Spirit   .   A - +0 helmet
rElec    +         Reflect  .   z - +0 cloak
rCorr    +         Harm     .   (no gloves)
MR       ++...                  r - +2 pair of boots
Stlth    +++++++...             (no amulet)
Regen    0.0/turn               C - ring of protection from fire
MPRegen  0.2/turn               (no ring)

@: paralysed, resistant, very slightly contaminated, bloodless,
non-regenerating, hasted
A: fangs 3, iridescent scales 1, see invisible, unbreathing, MP-powered wands
a: Bat Form, Divine Energy, Renounce Religion


You were on level 9 of the Dungeon.
You worshipped Sif Muna.
Sif Muna was pleased with you.
You were bloodless.

You visited 2 branches of the dungeon, and saw 10 of its levels.

You collected 416 gold pieces.
You spent 386 gold pieces at shops.

Inventory:

Hand Weapons
 a - a +1 dagger of freezing
 h - a +2 dagger of venom (weapon)
 x - a +0 dagger of freezing
Armour
 f - a +2 robe of magic resistance (worn)
 m - a +1 buckler (worn)
 r - a +2 pair of boots (worn)
 z - a +0 cloak (worn)
 A - a +0 helmet (worn)
Jewellery
 u - an uncursed ring of fire
 C - a ring of protection from fire (left hand)
Wands
 b - a wand of iceblast (14/15)
 v - a wand of confusion (11/48)
 y - a wand of clouds (3/9)
 B - a wand of enslavement (10/24)
Scrolls
 i - 4 scrolls of blinking
 k - 2 scrolls of teleportation
 s - a scroll of magic mapping
 w - a scroll of remove curse
 E - a scroll of amnesia
Potions
 d - 2 potions of flight
 g - 15 potions of blood
 j - 2 potions of brilliance
 l - a potion of agility
 n - 2 potions of resistance
 p - a potion of might
 t - a potion of berserk rage {unknown}
Books
 c - a book of Maledictions

   Spells                             Type                      Level
   a - Corona                         Hexes                        1
   b - Ensorcelled Hibernation        Hexes/Ice                    2
   c - Confuse                        Hexes                        3
   d - Tukima's Dance                 Hexes                        3
   e - Dazzling Spray                 Conjuration/Hexes            3


   Skills:
 + Level 2.1 Fighting
 + Level 4.2 Short Blades
 + Level 5.2 Dodging
 + Level 13.2 Stealth
 + Level 2.0 Shields
 + Level 6.6 Spellcasting
 + Level 9.9 Hexes
 + Level 3.0 Ice Magic


You had 13 spell levels left.
You knew the following spells:

 Your Spells              Type           Power        Failure   Level  Hunger
a - Ensorcelled Hibernat  Hex/Ice        ####..       1%          2    None
b - Confuse               Hex            #####...     1%          3    #......
c - Tukima's Dance        Hex            #####...     1%          3    #......
d - Corona                Hex            #####..      1%          1    None


Dungeon Overview and Level Annotations

Branches:
Dungeon (9/15)             Temple (1/1) D:4
   Lair: D:8-11         Orc: D:9-12

Altars:
Ashenzari
Cheibriados
Dithmenos
Elyvilon
Fedhas
Gozag
Hepliaklqana
Kikubaaqudgha
Makhleb
Nemelex Xobeh
Okawaru
Qazlal
Ru
Sif Muna
Trog
Uskayaw
Vehumet
Xom
Yredelemnul
Zin
The Shining One

Shops:
D:4 [(*(   D:5 *   D:9 ?

Annotations:
D:7 Totori's ghost, novice DrTm


Innate Abilities, Weirdness & Mutations

You do not heal naturally.
You are immune to poison.
You have razor-sharp teeth.
You have supernaturally acute eyesight. (SInv)
You can survive without breathing.
You are partially covered in iridescent scales. (AC +2)
You expend magic power (3 MP) to strengthen your wands.


Message History

Aiming: Confuse
Press: ? - help, Shift-Dir - straight line, f - centaur warrior skeleton, p - chaos spawn
Aim: a centaur warrior skeleton (chance to defeat MR: 76%)
You miscast Confuse.
You are very lightly contaminated with residual magic.
You hear an indistinct dissonance whispering inside your mind.
The chaos spawn hits you.
You suddenly lose the ability to move!
The chaos spawn hits you!
You are engulfed in flames.
You resist. The centaur warrior skeleton hits you.
The centaur warrior skeleton hits you. The chaos spawn gores you!!
* * * LOW HITPOINT WARNING * * *
The chaos spawn freezes you. You resist.
* * * LOW HITPOINT WARNING * * *
The centaur warrior skeleton hits you but does no damage.
The chaos spawn gores you.
* * * LOW HITPOINT WARNING * * *
You are engulfed in flames.
You resist.
* * * LOW HITPOINT WARNING * * *
The chaos spawn looks more healthy.
The centaur warrior skeleton hits you.
You die...

........))..........#####÷.#.....
.......).)#.).......'..÷.÷##.....
.........##.........########.....
###.#######.........# #..... #.#
#...)....(# ####'##. #.#
#####'##### #....... #..#
###...8... ##.# #...⌠.#..<
#####@##### #...♣8..⌠.
###...4Z....# #....#.._>
............###...⌠.⌠(..
###...........#....≈##).
#.........#.#....#⌠..≈
#.........#.'......#⌠⌠
#.........###...>≈.'##
#####.##### #........† #..#
##'####.##


You could see a chaos spawn and a centaur warrior skeleton.

Vanquished Creatures
  The ghost of Monsterracer the Grappler, a novice TrVM of Ru (D:5)
  Maurice (D:8)
  Psyche (D:9)
  Eustachio (D:6)
  A hungry ghost (D:9)
  Edmund (D:4)
  A chaos spawn (D:9)
  A water moccasin (D:9)
  3 ice beasts
  An orc warrior (D:9)
  A sky beast (D:6)
  2 necrophages
  4 centaurs
  A black bear (D:9)
  An ogre (D:4)
  A big kobold (D:9)
  4 bullfrogs
  A water moccasin skeleton (D:4)
  A wight (D:9)
  A centaur zombie (D:6)
  A hound (D:5)
  5 orc wizards
  2 centaur skeletons
  2 jellies
  4 orc priests
  Jessica (D:2)
  Natasha (thrice) (D:2)
  4 iguanas
  5 worker ants
  2 killer bee zombies
  A gnoll (D:5)
  5 adders
  An adder skeleton (D:6)
  5 worms
  4 dart slugs
  5 leopard geckos
  17 orcs
  3 ball pythons
  4 giant cockroaches
  9 goblins
  8 hobgoblins
  14 jackals
  4 quokkas
  5 bats
  4 frilled lizards
  10 kobolds
  A quokka skeleton (D:6)
  9 rats
167 creatures vanquished.

Vanquished Creatures (collateral kills)
  An orc wizard (D:9)
  3 gnolls (D:5)
  3 orcs (D:5)
  A jackal (D:9)
8 creatures vanquished.

Grand Total: 175 creatures vanquished

Notes
Turn   | Place    | Note
-------+----------+-------------------------------------------
     0 | D:1      | grizmgrazm2 the Vampire Enchanter began the quest for the Orb.
     0 | D:1      | Reached XP level 1. HP: 13/13 MP: 3/3
   113 | D:1      | Gained mutation: You expend magic power (3 MP) to strengthen your wands. [potion of mutation]
   113 | D:1      | Gained mutation: You are partially covered in iridescent scales. (AC +2) [potion of mutation]
   224 | D:1      | Reached XP level 2. HP: 10/19 MP: 0/5
   228 | D:1      | Learned a level 2 spell: Ensorcelled Hibernation
   448 | D:1      | Reached skill level 5 in Hexes
   970 | D:1      | Reached XP level 3. HP: 24/24 MP: 3/6
  1106 | D:2      | Noticed Jessica
  1118 | D:2      | Killed Jessica
  1136 | D:2      | Learned a level 3 spell: Confuse
  1164 | D:2      | Reached XP level 4. HP: 28/30 MP: 3/7
  1226 | D:2      | Noticed Natasha
  1233 | D:2      | Killed Natasha
  1233 | D:2      | Reached skill level 5 in Stealth
  1277 | D:2      | Noticed Natasha
  1289 | D:2      | Killed Natasha
  1296 | D:2      | Noticed Natasha
  1321 | D:2      | Killed Natasha
  1321 | D:2      | Reached XP level 5. HP: 35/36 MP: 0/9
  2220 | D:3      | Reached skill level 1 in Ice Magic
  2244 | D:3      | Reached skill level 6 in Stealth
  2328 | D:3      | Learned a level 3 spell: Tukima's Dance
  2663 | D:3      | Reached XP level 6. HP: 35/42 MP: 8/10
  2718 | D:4      | Noticed Edmund
  2731 | D:4      | Killed Edmund
  2731 | D:4      | Reached skill level 7 in Stealth
  2780 | D:4      | Found Fileusaamp's Assorted Antiques.
  2888 | D:4      | Bought 2 dark potions for 36 gold pieces
  2888 | D:4      | Bought a scroll labeled DIVIZXOJOA for 20 gold pieces
  2921 | D:4      | HP: 2/42 [ogre/giant club (14)]
  3479 | D:4      | Found a staircase to the Ecumenical Temple.
  3484 | D:4      | Reached XP level 7. HP: 47/47 MP: 7/12
  3487 | Temple   | Entered the Ecumenical Temple
  3583 | Temple   | Became a worshipper of Sif Muna the Loreminder
  3739 | D:4      | Found Pasafrite's Weapon Boutique.
  3907 | D:5      | Entered Level 5 of the Dungeon
  4234 | D:5      | Reached skill level 1 in Fighting
  4234 | D:5      | Reached skill level 8 in Stealth
  4544 | D:5      | Noticed Monsterracer's ghost (novice TrVM)
  4570 | D:5      | Killed Monsterracer's ghost
  4570 | D:5      | Reached skill level 9 in Stealth
  4570 | D:5      | Reached skill level 1 in Shields
  4570 | D:5      | Reached XP level 8. HP: 25/54 MP: 9/14
  5005 | D:5      | Reached skill level 10 in Stealth
  5112 | D:5      | Found Jekkouc's General Store.
  5115 | D:5      | Bought a scroll of remove curse for 33 gold pieces
  5115 | D:5      | Bought a potion of haste for 110 gold pieces
  5142 | D:5      | Found an ancient bone altar of Kikubaaqudgha.
  5144 | D:5      | Found a hazy altar of Hepliaklqana.
  5144 | D:5      | Found an opulent altar of Gozag.
  5146 | D:5      | Found a shimmering altar of Xom.
  5146 | D:5      | Found an opulent altar of Gozag.
  5146 | D:5      | Found a snail-covered altar of Cheibriados.
  5384 | D:6      | Noticed Eustachio
  5397 | D:6      | Killed Eustachio
  5397 | D:6      | Reached * piety under Sif Muna
  5402 | D:6      | Reached skill level 5 in Spellcasting
  6017 | D:4      | Reached XP level 9. HP: 46/59 MP: 4/16
  6113 | D:4      | Found Fateopu's Antique Weapon Boutique.
  6145 | D:4      | Found Fut Xeol's Antique Armour Shop.
  6368 | D:6      | Reached skill level 11 in Stealth
  7000 | D:7      | Noticed Totori's ghost (novice DrTm)
  7164 | D:8      | Noticed Maurice
  7174 | D:8      | Killed Maurice
  7174 | D:8      | Reached skill level 12 in Stealth
  7446 | D:9      | Found Muigok's Magic Scroll Shop.
  7491 | D:9      | Bought a scroll of enchant armour for 97 gold pieces
  7491 | D:9      | Bought a scroll of amnesia for 45 gold pieces
  7491 | D:9      | Bought a scroll of immolation for 45 gold pieces
  7559 | D:9      | Noticed Psyche
  7606 | D:9      | Reached skill level 5 in Dodging
  7618 | D:9      | Killed Psyche
  7618 | D:9      | Reached ** piety under Sif Muna
  7699 | D:9      | Reached skill level 13 in Stealth
  7714 | D:9      | Found a shimmering altar of Xom.
  7735 | D:9      | Reached XP level 10. HP: 46/67 MP: 4/19
  7926 | D:9      | Paralysed by a chaos spawn for 4 turns
  7930 | D:9      | Slain by a centaur warrior skeleton

Skill      XL: |  1  2  3  4  5  6  7  8  9 10 |
---------------+-------------------------------+-----
Hexes          | 5 6 8 9 |  9.9
Stealth        | 5 6 7 9 10 13 | 13.2
Ice Magic      | 1 2 3 |  3.0
Dodging        | 3 4 5 |  5.2
Spellcasting   | 3 4 5 6 |  6.6
Short Blades   | 2 3 4 |  4.2
Fighting       | 1 2 |  2.1
Shields        | 1 2 |  2.0

Action                   |  1- 3 |  4- 6 |  7- 9 | 10-12 || total
-------------------------+-------+-------+-------+-------++-------
Melee: Dagger            |    67 |   137 |   268 |    14 ||   486
       Bite              |     5 |     7 |    20 |       ||    32
 Cast: Corona            |    11 |       |       |       ||    11
       Ensorcelled Hiber |    14 |    12 |    46 |     1 ||    73
       Confuse           |       |     9 |    35 |     5 ||    49
       Tukima's Dance    |       |       |     8 |     1 ||     9
 Abil: End Transformatio |       |       |     4 |       ||     4
       Bat Form          |       |       |     4 |       ||     4
  Use: Potion            |     3 |     6 |     7 |     3 ||    19
       Scroll            |     3 |    11 |     6 |     1 ||    21
 Stab: Sleeping          |    14 |    23 |    45 |     1 ||    83
       Confused          |       |     4 |    18 |     2 ||    24
       Distracted        |       |     2 |       |     1 ||     3
Armor: Robe              |    12 |    34 |    78 |     4 ||   128
Dodge: Dodged            |    58 |    80 |   155 |     8 ||   301
Block: Buckler           |       |    11 |    45 |     2 ||    58
